 Dungeon Crawl Stone Soup version 0.21.1-1-g345015f (webtiles) character file.

124 wojtek the Chopper (level 4, -5/39 HPs)
             Began as a Minotaur Fighter on July 23, 2018.
             Killed from afar by Sigmund (11 damage)
             ... with a puff of flame
             ... on level 3 of the Dungeon.
             The game lasted 00:01:49 (1956 turns).

wojtek the Chopper (Minotaur Fighter)               Turns: 1956, Time: 00:01:49

Health: -5/39      AC:  6    Str: 21    XL:     4   Next: 81%
Magic:  3/3        EV:  7    Int:  5    God:
Gold:   30         SH:  9    Dex: 10    Spells: 3/3 levels left

rFire    . . .     SeeInvis .   a - +0 war axe
rCold    . . .     Gourm    .   c - +0 shield
rNeg     . . .     Faith    .   b - +0 scale mail
rPois    .         Spirit   .   (helmet restricted)
rElec    .         Reflect  .   (no cloak)
rCorr    .         Harm     .   (no gloves)
MR       .....                  (no boots)
Stlth    ..........             (no amulet)
HPRegen  0.13/turn              (no ring)
MPRegen  0.08/turn              (no ring)

@: no status effects
A: retaliatory headbutt, horns 2
a: no special abilities


You were on level 3 of the Dungeon.
You were hungry.

You visited 1 branch of the dungeon, and saw 3 of its levels.

You collected 30 gold pieces.

Inventory:

Hand Weapons
 a - a +0 war axe (weapon)
Missiles
 i - 2 throwing nets (quivered)
Armour
 b - a +0 scale mail (worn)
 c - a +0 shield (worn)
Scrolls
 e - 2 scrolls of identify {unknown}
 h - 2 scrolls of remove curse {unknown}
Potions
 d - a potion of might
 j - a potion of flight {unknown}
 k - 3 potions of curing {unknown}
Comestibles
 f - 4 rations
 g - a chunk of flesh


   Skills:
 - Level 3.6 Fighting
 + Level 6.2 Axes
 - Level 3.6 Armour
 - Level 3.6 Shields


You had 3 spell levels left.
You didn't know any spells.

Dungeon Overview and Level Annotations

Branches:
Dungeon (3/15)

Altars:
Zin

Annotations:
D:3 Sigmund


Innate Abilities, Weirdness & Mutations

You reflexively headbutt those who attack you in melee.
You have a pair of horns on your head.


Message History

You kill the frilled lizard!
You are feeling hungry.
No target in view!
No target in view!
You see here a frilled lizard corpse.
You butcher the frilled lizard corpse.
Something hits you!
You see here a chunk of flesh.
g - a chunk of flesh No target in view!
No target in view!
No target in view!
Something hits you.
You hit something. Something hits you!
You closely miss something. You headbutt something! Something hits you!
* * * LOW HITPOINT WARNING * * *
You miss something. You headbutt something. Something hits you.
* * * LOW HITPOINT WARNING * * *
A puff of flame appears from out of thin air!
The puff of flame hits you!
You die...

....# ##.## ##### #.#
####### #.# ......# ##+##
#####.# ##...## #
#.###.....## ## # #
#.##.......## ##.###.## #
#.#.........####........
#####.'.........@...........
......#.........####....#.#.
#.#.####.......## #.......#
#.#.# ##.....## #.###.###
....# ##...## #.# ># #.###
##+## #.# . #.# #.# ## #.#
#.# #.# #.#


There were no monsters in sight!

Vanquished Creatures
  4 gnolls (D:2)
  3 adders
  5 dart slugs
  A leopard gecko (D:2)
  7 bats
  4 giant cockroaches (D:1)
  6 goblins
  3 hobgoblins
  4 jackals (D:1)
  A ball python (D:1)
  4 frilled lizards
  5 kobolds
  4 rats
51 creatures vanquished.

Notes
Turn   | Place    | Note
-------+----------+-------------------------------------------
     0 | D:1      | wojtek the Minotaur Fighter began the quest for the Orb.
     0 | D:1      | Reached XP level 1. HP: 19/19 MP: 0/0
    68 | D:1      | Reached skill level 3 in Axes
    99 | D:1      | Reached XP level 2. HP: 16/26 MP: 1/1
   542 | D:1      | Reached skill level 4 in Axes
   609 | D:1      | Reached XP level 3. HP: 30/31 MP: 2/2
   983 | D:2      | Reached skill level 5 in Axes
  1268 | D:2      | Reached XP level 4. HP: 24/39 MP: 3/3
  1664 | D:3      | Reached skill level 6 in Axes
  1765 | D:3      | Found a glowing silver altar of Zin.
  1941 | D:3      | Noticed Sigmund
  1956 | D:3      | Killed from afar by Sigmund

Skill      XL: |  1  2  3  4 |
---------------+-------------+-----
Axes           | 3 4 5 6 |  6.2
Fighting       | |  3.6
Armour         | |  3.6
Shields        | |  3.6

Action                   |  1- 3 |  4- 6 || total
-------------------------+-------+-------++-------
Melee: War axe           |   103 |    40 ||   143
       Headbutt          |     9 |     5 ||    14
  Eat: Chunk             |     1 |     2 ||     3
Armor: Scale mail        |    59 |    12 ||    71
Dodge: Dodged            |    25 |     9 ||    34
Block: Shield            |    54 |    21 ||    75
